 Dungeon Crawl Stone Soup version 0.19.1 (webtiles) character file.

17331 CanadianGator the Protected (level 12, -1/105 HPs)
             Began as a Minotaur Berserker on Dec 5, 2016.
             Was a High Priest of Trog.
             Slain by a red ugly thing (17 damage)
             ... on level 12 of the Dungeon.
             The game lasted 00:34:05 (11821 turns).

CanadianGator the Protected (Minotaur Berserker)   Turns: 11821, Time: 00:34:07

Health: -1/105     AC: 25    Str: 31    XL:     12   Next: 17%
Magic:  11/11      EV: 12    Int:  8    God:    Trog [*****.]
Gold:   1141       SH:  6    Dex:  9    Spells: 0 memorised, 11 levels left

rFire  . . .     SeeInvis +     a - +5 hand axe (curse)
rCold  . . .     Gourm    .     N - +0 plate armour
rNeg   . . .     Faith    .     (no shield)
rPois  .         Spirit   .     (helmet restricted)
rElec  .         Reflect  +     f - +2 cloak
rCorr  .         Harm     .     K - +0 pair of gloves of Tecoto Lupti {*Drain +Fly SInv}
MR     .....     Clarity  +     (no boots)
Stlth  .......... Rnd*Tele +    m - +6 amulet of reflection
                                c - +3 ring of strength
                                X - +3 ring of protection

@: no status effects
A: retaliatory headbutt, hooves 2, horns 2, icy blue scales 1, clarity, clever
2, slow regeneration 1, teleportitis 2
a: Berserk, Trog's Hand, Brothers in Arms, Burn Spellbooks, Renounce Religion,
Evoke Flight


You were on level 12 of the Dungeon.
You worshipped Trog.
Trog was extremely pleased with you.
You were not hungry.

You visited 2 branches of the dungeon, and saw 15 of its levels.
You also visited: Ossuary.

You collected 1141 gold pieces.

Inventory:

Hand Weapons
 a - a cursed +5 hand axe (weapon)
 s - a +2 trident of piercing
 y - a +4 antimagic dire flail
 P - a +0 quarterstaff of crushing
 W - a +5 dire flail of protection
Armour
 d - a +2 robe of resistance
 f - a +2 cloak (worn)
 K - the +0 pair of gloves of Tecoto Lupti (worn) {*Drain +Fly SInv}
   (You found it on level 10 of the Dungeon)

   It lets you see invisible.
   It lets you fly.
   It causes draining when unequipped.
 N - a +0 plate armour (worn)
 U - the +3 crown of Dyrovepreva {rElec Int+2 SInv}
   (You found it on level 8 of the Dungeon)

   It affects your intelligence (+2).
   It insulates you from electricity.
   It lets you see invisible.
Jewellery
 c - a +3 ring of strength (right hand)
 i - an uncursed ring of ice
 m - a +6 amulet of reflection (around neck)
 X - a +3 ring of protection (left hand)
Wands
 b - a wand of polymorph (5/24)
 q - a wand of iceblast (10/15)
 r - a wand of paralysis (13/24)
 H - a wand of slowing (19/48)
 O - a wand of acid (8/15)
Scrolls
 o - 4 scrolls of teleportation
 t - a scroll of vulnerability {unknown}
 u - a scroll of brand weapon {unknown}
 w - a scroll of identify
 B - a scroll of immolation
 C - a scroll of amnesia {unknown}
 D - a scroll of fear {unknown}
 G - 5 scrolls of magic mapping
 I - 3 scrolls of enchant armour
 L - 2 scrolls of blinking
 M - 2 scrolls of recharging
 R - 7 scrolls of fog
 S - a scroll of remove curse
 T - 3 scrolls of enchant weapon
 V - a scroll of silence {unknown}
Potions
 e - a potion of resistance
 g - 5 potions of lignification
 h - 6 potions of curing
 j - 3 potions of berserk rage
 l - 3 potions of flight
 v - 7 potions of heal wounds
 z - 2 potions of brilliance
 A - 3 potions of agility
 F - 2 potions of might
 J - a potion of ambrosia
 Y - a potion of cancellation {unknown}
 Z - 2 potions of haste
Comestibles
 k - 6 beef jerkies
 n - 5 slices of pizza
 p - 14 bread rations
 x - 4 meat rations
 E - 15 fruits
 Q - 4 chunks of flesh


   Skills:
 + Level 9.4 Fighting
 + Level 10.1(12.8) Axes
 + Level 9.6(11.3) Maces & Flails
 + Level 9.6(11.4) Polearms
 * Level 12.4 Armour
 + Level 8.4 Dodging


You had 11 spell levels left.
You didn't know any spells.

Dungeon Overview and Level Annotations

Branches:
Dungeon (12/15)            Temple (0/1) D:7            Lair (3/6) D:9
 Shoals (0/4) Lair:2       Spider (0/4) Lair:2          Orc (0/2) D:10

Altars:
Sif Muna
Yredelemnul
Zin
The Shining One

Shops:
D:7 [


Innate Abilities, Weirdness & Mutations

You reflexively headbutt those who attack you in melee.
You have a pair of horns on your head.
You have hoof-like feet.
You are partially covered in icy blue scales. (AC +2)
You possess an exceptional clarity of mind.
Your mind is very acute. (Int +4)
You regenerate slowly when monsters are visible.
You are sometimes teleported next to monsters.


Message History

The red ugly thing is severely wounded.
The red ugly thing barely misses you.
You hit the red ugly thing.
You kick the red ugly thing, but do no damage.
The red ugly thing is severely wounded.
Your plate armour prevents you from hitting the red ugly thing.
Your kick misses the red ugly thing.
The red ugly thing is severely wounded.
The red ugly thing tail-slaps you.
You are engulfed in flames!!
* * * LOW HITPOINT WARNING * * *
You are too injured to fight recklessly!
You are too injured to fight recklessly!
You are too injured to fight recklessly!
You hit the red ugly thing.
You kick the red ugly thing, but do no damage.
The red ugly thing is severely wounded.
The red ugly thing tail-slaps you!
* * * LOW HITPOINT WARNING * * *
You are engulfed in flames!
You die...

#..# #.># #..# .#
.########..# .#
...........#####.#
..####'#........######
#....#....[........#
#....####..........#
###....+...@...#..........#
.......##...u..#..........#
........#......#..........#
.......#......#..........#
#.....#......#..........#
#.....#......#.....######
#.....########...(.#
#..................#
#...........(......#


You could see a red ugly thing.

Vanquished Creatures
  A hydra (Lair:2)
  A hill giant (D:11)
  Pikel (D:5)
  An ugly thing (D:12)
  A cyclops (D:12)
  A siren (Lair:2)
  A spiny frog (Lair:3)
  A rime drake (Lair:3)
  A troll (D:11)
  A two-headed ogre (D:10)
  5 hippogriffs
  A spriggan (D:7)
  17 yaks
  A wyvern (D:12)
  A vampire (D:11)
  A hungry ghost (D:10)
  5 water moccasins
  5 sky beasts
  9 porcupines
  5 ice beasts
  5 orc warriors
  A black bear (D:8)
  7 ogres
  2 phantoms
  12 wolves
  6 centaurs
  5 crocodiles
  A big kobold (D:11)
  13 bullfrogs
  6 scorpions
  A water moccasin skeleton (D:8)
  18 killer bees
  8 wights
  2 electric eels
  A howler monkey (D:6)
  6 crimson imps
  2 bullfrog zombies
  A jelly (D:8)
  8 orc priests
  6 hounds
  A bullfrog skeleton (D:9)
  A centaur skeleton (D:4)
  5 iguanas
  Jessica (D:2)
  Ijyb (D:2)
  2 hell rats (D:9)
  7 orc wizards
  8 worker ants
  3 hound skeletons
  8 mummies (Ossuary)
  A worker ant zombie (D:8)
  Robin (D:2)
  12 adders
  2 river rats (D:9)
  3 adder zombies
  A worm (D:3)
  4 leopard geckos
  35 orcs
  7 bats
  6 giant cockroaches
  A gnoll zombie (Ossuary)
  14 goblins
  7 hobgoblins
  6 jackals
  7 quokkas
  9 frilled lizards
  A hobgoblin zombie (Ossuary)
  A jackal skeleton (D:4)
  11 kobolds
  4 kobold zombies (Ossuary)
  A leopard gecko skeleton (D:4)
  2 orc zombies (Ossuary)
  A quokka zombie (D:6)
  9 rats
354 creatures vanquished.

Vanquished Creatures (others)
  An adder (D:5)
  A kobold (D:11)
2 creatures vanquished.

Grand Total: 356 creatures vanquished

Notes
Turn   | Place    | Note
-------+----------+-------------------------------------------
     0 | D:1      | CanadianGator the Minotaur Berserker began the quest for the Orb.
     0 | D:1      | Reached XP level 1. HP: 19/19 MP: 0/0
   122 | D:1      | Reached XP level 2. HP: 24/27 MP: 1/1
   324 | D:1      | Reached skill level 3 in Armour
   902 | D:2      | Noticed Robin
   906 | D:2      | Reached ** piety under Trog
   911 | D:2      | Reached XP level 3. HP: 33/33 MP: 2/2
   922 | D:2      | Killed Robin
  1062 | D:2      | Noticed Ijyb
  1084 | D:2      | Killed Ijyb
  1084 | D:2      | Reached XP level 4. HP: 33/40 MP: 3/3
  1226 | D:2      | Noticed Jessica
  1232 | D:2      | Killed Jessica
  1232 | D:2      | Reached skill level 4 in Armour
  1626 | D:3      | Found a basalt altar of Yredelemnul.
  1626 | D:3      | Found a glowing silver altar of Zin.
  1626 | D:3      | Found a deep blue altar of Sif Muna.
  1634 | D:3      | Reached *** piety under Trog
  1762 | D:3      | Reached XP level 5. HP: 46/46 MP: 4/4
  1857 | D:3      | Reached skill level 5 in Axes
  2187 | D:4      | Noticed a phantom
  2192 | D:4      | Killed a phantom
  2192 | D:4      | Reached skill level 5 in Armour
  2192 | D:4      | Reached XP level 6. HP: 53/53 MP: 5/5
  2389 | D:4      | Reached XP level 7. HP: 60/60 MP: 6/6
  2549 | D:4      | Reached skill level 5 in Fighting
  2895 | D:5      | Entered Level 5 of the Dungeon
  2932 | D:5      | Reached skill level 6 in Armour
  2938 | D:5      | Reached skill level 1 in Polearms
  3329 | D:5      | Noticed Pikel
  3340 | D:5      | Killed Pikel
  3340 | D:5      | Reached skill level 1 in Maces & Flails
  3340 | D:5      | Reached skill level 7 in Armour
  3340 | D:5      | Reached XP level 8. HP: 55/69 MP: 7/7
  3623 | D:6      | Found a sand-covered staircase.
  3628 | Ossuary  | Entered an ossuary
  3634 | Ossuary  | Reached **** piety under Trog
  3715 | Ossuary  | Reached skill level 5 in Dodging
  4025 | D:6      | Reached skill level 5 in Polearms
  4475 | D:6      | Found a glowing golden altar of the Shining One.
  4758 | D:7      | Found a staircase to the Ecumenical Temple.
  4799 | D:7      | Reached XP level 9. HP: 75/75 MP: 8/8
  4833 | D:7      | Reached skill level 8 in Armour
  4929 | D:7      | Found Omijuh's Antique Armour Shop.
  4943 | D:7      | Gained mutation: You are agile. (Dex +2) [mutagenic meat]
  5098 | D:7      | Gained mutation: You are occasionally teleported next to monsters. [mutagenic meat]
  5099 | D:7      | Gained mutation: You are partially covered in icy blue scales. (AC +2) [mutagenic meat]
  5100 | D:7      | Gained mutation: Your mind is acute. (Int +2) [mutagenic meat]
  5101 | D:7      | Gained mutation: You are resistant to electric shocks. (rElec) [mutagenic meat]
  5519 | D:8      | Reached ***** piety under Trog
  5519 | D:8      | Reached skill level 9 in Armour
  5705 | D:8      | Gained mutation: Your mind is very acute. (Int +4) [mutagenic meat]
  5707 | D:8      | Gained mutation: You are sometimes teleported next to monsters. [mutagenic meat]
  6212 | D:8      | Reached XP level 10. HP: 84/84 MP: 9/9
  6410 | D:9      | Reached skill level 5 in Maces & Flails
  6424 | D:9      | Received a gift from Trog
  6463 | D:9      | Found a staircase to the Lair.
  6802 | D:9      | Gained mutation: You have large cloven feet. [potion of mutation]
  6802 | D:9      | Lost mutation: You are resistant to electric shocks. (rElec) [potion of mutation]
  6802 | D:9      | Gained mutation: You have hoof-like feet. [potion of mutation]
  7461 | D:10     | Entered Level 10 of the Dungeon
  7476 | D:10     | Reached skill level 10 in Armour
  7766 | D:10     | Found a staircase to the Orcish Mines.
  7897 | D:10     | Got a pair of dazzling gloves
  7903 | D:10     | Identified the cursed +0 pair of gloves of Tecoto Lupti {*Drain +Fly SInv} (You found it on level 10 of the Dungeon)
  7970 | D:10     | Got an ancient ring mail
  8413 | Lair:1   | Entered Level 1 of the Lair of Beasts
  8438 | Lair:1   | Reached XP level 11. HP: 77/94 MP: 3/10
  8576 | Lair:1   | Identified the cursed +0 ring mail of Xejuhiel {Int+3} (You found it on level 10 of the Dungeon)
  8693 | Lair:1   | Identified the Grimoire of Unholy Hexes
  9242 | Lair:2   | Reached skill level 11 in Armour
  9323 | Lair:2   | Found a hole to the Spider Nest.
  9478 | Lair:2   | Noticed a four-headed hydra
  9485 | Lair:2   | Killed a four-headed hydra
  9736 | Lair:2   | Found a staircase to the Shoals.
 10756 | D:11     | Reached skill level 12 in Armour
 10770 | D:11     | Received a gift from Trog
 10849 | D:11     | Noticed a hill giant
 10858 | D:11     | Killed a hill giant
 10879 | D:11     | Gained mutation: You possess an exceptional clarity of mind. [mutagenic meat]
 10880 | D:11     | Gained mutation: You regenerate slowly when monsters are visible. [mutagenic meat]
 10882 | D:11     | Lost mutation: You are agile. (Dex +2) [mutagenic meat]
 11195 | D:11     | Reached XP level 12. HP: 104/104 MP: 11/11
 11374 | D:11     | Reached skill level 10 in Axes
 11821 | D:12     | Slain by a red ugly thing

Skill      XL: |  1  2  3  4  5  6  7  8  9 10 11 12 |
---------------+-------------------------------------+-----
Armour         | 3 4 5 7 9 10 12 | 12.4
Axes           | 4 5 6 7 8 9 10 | 10.1
Fighting       | 4 5 6 8 9 |  9.4
Dodging        | 3 4 5 6 7 8 |  8.4
Polearms       | 4 5 7 8 9 |  9.6
Maces & Flails | 1 3 4 7 9 |  9.6

Action                   |  1- 3 |  4- 6 |  7- 9 | 10-12 || total
-------------------------+-------+-------+-------+-------++-------
Melee: Hand axe          |    76 |   100 |     8 |    32 ||   216
       Headbutt          |     8 |    11 |    64 |   113 ||   196
       Trident           |       |       |   293 |    19 ||   312
       Great mace        |       |       |    10 |       ||    10
       Flail             |       |       |    16 |       ||    16
       Dire flail        |       |       |    41 |   444 ||   485
       Kick              |       |       |       |   142 ||   142
Invok: Berserk           |     1 |     2 |     1 |     2 ||     6
       Burn Spellbooks   |       |       |     2 |     1 ||     3
  Use: Scroll            |     5 |     3 |    15 |     6 ||    29
       Potion            |       |       |       |     1 ||     1
 Stab: Sleeping          |       |     1 |       |       ||     1
  Eat: Chunk             |     1 |     2 |    14 |    13 ||    30
       Bread ration      |       |     1 |       |       ||     1
       Meat ration       |       |       |     2 |     3 ||     5
Armor: Leather armour    |     8 |       |       |       ||     8
       Animal skin       |     1 |       |       |       ||     1
       Robe              |    21 |    28 |     2 |       ||    51
       Scale mail        |       |       |    91 |       ||    91
       Plate armour      |       |       |    25 |   231 ||   256
       Ring mail         |       |       |       |    29 ||    29
Dodge: Dodged            |    46 |    64 |   178 |   268 ||   556
Block: Other             |       |       |    49 |   158 ||   207
       Reflection        |       |       |       |     7 ||     7
